 Dungeon Crawl Stone Soup version 0.30-a0-830-gfe289a77b0 (webtiles) character file.

Game seed: 14474810071254620858

4258300 benadryl the Wrestler (level 25, 322/322 HPs)
             Began as a Troll Gladiator on Feb 22, 2023.
             Was a High Priest of Jiyva.
             Escaped with the Orb
             ... and 5 runes on Feb 28, 2023!
             The game lasted 03:19:04 (46341 turns).

benadryl the Wrestler (Troll Gladiator)            Turns: 46341, Time: 03:19:04

Health: 322/322    AC: 31    Str: 35      XL:     25   Next: 98%
Magic:  34/34      EV: 10    Int:  3 (4)  God:    Jiyva [*****.]
Gold:   3255       SH: 24    Dex: 18 (19) Spells: 22/28 levels left

rFire   + + +      SeeInvis .      - Unarmed
rCold   + + .      Faith    .    r - +2 tower shield {AC+3}
rNeg    . . .      Spirit   .    L - +6 gold dragon scales
rPois   +          Reflect  .    b - +1 hat
rElec   +          Harm     .    t - -2 cloak of Whack-A-Mole {rElec}
rCorr   +          Rampage  .    (gloves unavailable)
Will    ++...                    (boots unavailable) Stlth
                                 S - amulet "Ruwkoos" {rF+ Regen+ Str+2}
HPRegen 3.77/turn                i - ring "Tifiug" {rF+ MP+9 Slay+3}
MPRegen 0.69/turn                J - ring of willpower

@: studying Ranged Weapons
A: large, unfitting armour, claws 3, regeneration 1, shaggy fur 1, tough skin 1,
antennae 1, large bone plates 1, agile 2, cold resistance 1, sense surroundings
2, robust 1, eyeballs 1, gelatinous body 3, no potion heal 2, subdued magic 1
0: Orb of Zot
}: 5/15 runes: serpentine, barnacled, slimy, silver, abyssal
a: Renounce Religion, Oozemancy, Slimify


You escaped.
You worshipped Jiyva.
Jiyva was extremely pleased with you.
You visited 11 branches of the dungeon, and saw 53 of its levels.
You visited the Abyss 3 times.
You also visited: Ossuary, Gauntlet, Ice Cave and Volcano.

You collected 5063 gold pieces.
You spent 1808 gold pieces at shops.

Inventory:

Hand Weapons
 g - a +9 vampiric eveningstar
Missiles
 c - 5 throwing nets
 d - 101 large rocks (quivered)
 G - 26 silver javelins
Armour
 b - a +1 hat (worn)
 r - a +2 tower shield of protection (worn)
 t - the -2 cloak of Whack-A-Mole (worn) {rElec}
   (You found it in a Gauntlet)

   rElec:     It insulates you from electricity.
 L - +6 gold dragon scales (worn)
Jewellery
 i - the ring "Tifiug" (left claw) {rF+ MP+9 Slay+3}
   (You acquired it on level 13 of the Dungeon)

   [ring of magical power]

   Slay:      It affects your accuracy & damage with ranged weapons and melee
   (+3).
   rF:        It protects you from fire.
   MP:        It affects your magic capacity (+9).
 A - an amulet of reflection
 J - a ring of willpower (right claw)
 R - a ring of positive energy
 S - the amulet "Ruwkoos" (around neck) {rF+ Regen+ Str+2}
   (You took it off a deep elf pyromancer on level 3 of the Elven Halls)

   [amulet of regeneration]

   Str:       It affects your strength (+2).
   rF:        It protects you from fire.
   Regen:     It increases your rate of health regeneration.
 X - the amulet of the Air {Inacc Air Fly rElec RMsl}
   (You found it on level 3 of the Snake Pit)

   [amulet of nothing]

   Inacc:     It reduces the accuracy of your attacks and spells.
   Air:       It enhances your air magic.
   rElec:     It insulates you from electricity.
   Fly:       It grants you flight.
   RMsl:      It protects you from missiles.
Wands
 l - a wand of paralysis (21)
 D - a wand of light (32)
 E - a wand of polymorph (21)
 H - a wand of flame (42)
 M - a wand of mindburst (13)
 P - a wand of roots (30)
Scrolls
 f - 2 scrolls of blinking
 h - 12 scrolls of teleportation
 k - a scroll of enchant weapon
 m - a scroll of brand weapon
 v - 8 scrolls of fear
 y - 4 scrolls of noise
 B - 3 scrolls of vulnerability
 C - 3 scrolls of amnesia
 I - a scroll of butterflies
 N - 6 scrolls of fog
 Q - 4 scrolls of poison
Potions
 e - 2 potions of ambrosia
 j - 11 potions of mutation
 n - 7 potions of might
 q - a potion of magic
 s - 2 potions of invisibility
 u - 14 potions of curing {@q1}
 w - 5 potions of attraction
 z - a potion of cancellation
 F - 4 potions of heal wounds
 O - 2 potions of lignification
 T - a potion of resistance
 U - 6 potions of haste
 Y - 4 potions of flight
Miscellaneous
 a - a condenser vane
 V - a lightning rod (4/4)


   Skills:
 * Level 24.8 Fighting
 - Level 16.0 Throwing
 - Level 10.0 Armour
 - Level 8.4 Dodging
 + Level 12.7 Shields
 * Level 26.1 Unarmed Combat
 - Level 2.1 Spellcasting
 - Level 6.6 Summonings


You had 22 spell levels left.
You knew the following spells:

 Your Spells              Type           Power      Damage    Failure   Level
a - Summon Cactus Giant   Summ           1%         N/A       100%        6

Your spell library contained the following spells:

 Spells                   Type           Power      Damage    Failure   Level
 Summon Small Mammal      Summ           12%        N/A       85%         1
 Call Canine Familiar     Summ           3%         N/A       99%         3
 Apportation              Tloc           0%         N/A       100%        1
 Magic Dart               Conj           0%         1d3       100%        1
 Necrotise                Necr           0%         1d4       100%        1
 Sandblast                Erth           0%         2d4       100%        1
 Shock                    Conj/Air       0%         1d3       100%        1
 Cigotuvi's Dreadful Rot  Necr/Pois/Air  0%         N/A       100%        2
 Ensorcelled Hibernation  Hex/Ice        0%         N/A       100%        2
 Poisonous Vapours        Pois/Air       0%         N/A       100%        2
 Scorch                   Fire           0%         2d5       100%        2
 Searing Ray              Conj           0%         2d4       100%        2
 Sublimation of Blood     Necr           0%         N/A       100%        2
 Confusing Touch          Hex            0%         N/A       100%        3
 Kindle Blastsparks       Fire/Tloc/Air  0%         2d10      100%        3
 Mephitic Cloud           Conj/Pois/Air  0%         N/A       100%        3
 Ozocubu's Armour         Ice            0%         N/A       100%        3
 Portal Projectile        Hex/Tloc       0%         N/A       100%        3
 Spider Form              Tmut/Pois      0%         N/A       100%        3
 Summon Guardian Golem    Hex/Summ       1%         N/A       100%        3
 Tukima's Dance           Hex            0%         N/A       100%        3
 Vhi's Electric Charge    Tloc/Air       0%         N/A       100%        3
 Anguish                  Hex/Necr       0%         N/A       100%        4
 Animate Armour           Summ/Erth      2%         N/A       100%        4
 Cause Fear               Hex            0%         N/A       100%        4
 Flame Wave               Conj/Fire      0%         2d4       100%        4
 Fulminant Prism          Conj/Hex       0%         3d5       100%        4
 Leda's Liquefaction      Hex/Erth       0%         N/A       100%        4
 Olgreb's Toxic Radiance  Pois           0%         N/A       100%        4
 Passage of Golubria      Tloc           0%         N/A       100%        4
 Summon Lightning Spire   Summ/Air       1%         N/A       100%        4
 Arcjolt                  Conj/Air       0%         1d10      100%        5
 Blade Hands              Tmut           0%         N/A       100%        5
 Lightning Bolt           Conj/Air       0%         1d11      100%        5
 Metabolic Englaciation   Hex/Ice        0%         N/A       100%        5
 Silence                  Hex/Air        0%         N/A       100%        5
 Yara's Violent Unravell  Hex/Tmut       0%         3d3       100%        5
 Simulacrum               Ice/Necr       0%         N/A       100%        6
 Starburst                Conj/Fire      0%         6d3       100%        6
 Statue Form              Tmut/Erth      0%         N/A       100%        6
 Dragon Form              Tmut           0%         N/A       100%        7
 Enfeeble                 Hex            0%         N/A       100%        7
 Haunt                    Necr/Summ      0%         N/A       100%        7
 Malign Gateway           Summ/Tloc      0%         N/A       100%        7
 Ozocubu's Refrigeration  Ice            0%         4d7       100%        7
 Borgnjor's Revivificati  Necr           0%         N/A       100%        8
 Ignition                 Fire           0%         3d3       100%        8
 Lehudib's Crystal Spear  Conj/Erth      0%         10d2      100%        8
 Maxwell's Capacitive Co  Air            0%         ∞         100%        8
 Summon Horrible Things   Summ           1%         N/A       100%        8
 Dragon's Call            Summ           1%         N/A       100%        9


Dungeon Overview and Level Annotations

Branches:
Dungeon (15/15)            Temple (1/1) D:5            Lair (5/5) D:9
 Shoals (4/4) Lair:3        Snake (4/4) Lair:3        Slime (5/5) Lair:5
    Orc (2/2) D:12            Elf (3/3) Orc:2        Vaults (5/5) D:13
  Crypt (0/3) Vaults:2     Depths (4/4) D:15            Zot (5/5) Depths:4
Ossuary (visited)           IceCv (visited)         Volcano (visited)
Gauntlet (visited)

Altars:
Ashenzari
Dithmenos
Elyvilon
Fedhas
Gozag
Kikubaaqudgha
Okawaru
Qazlal
Ru
Trog
Vehumet
Wu Jian
Xom
Zin
The Shining One
Jiyva
Lugonu

Shops:
Orc:2 [(*:   Elf:2 [   Snake:1 [   Vaults:4 [   Depths:1 *:=*

Portals:
Hell: Depths:1 Depths:2 Depths:3 Depths:4
Abyss: D:6 Lair:5 Zot:2 Depths:3
Pandemonium: Depths:2 Depths:4
Ziggurat: Depths:3

Annotations:
D:6 2 transporters, Nabski's ghost, novice TeFE
D:11 3 runed translucent doors, domi's ghost, journeyman DsCj
Snake:3 6 transporters
Slime:5 Royal Jelly
Elf:1 6 runed translucent doors
Elf:2 3 runed translucent doors
Depths:1 2 transporters, exclusion: 2 orange crystal statues, Funiw's ghost, adept TrMo; Joiny's ghost, veteran GrGl; Tourr's ghost, veteran HuIE
Zot:3 2 transporters, Pet Giop's ghost, veteran OgBe


Innate Abilities, Weirdness & Mutations

You are too large for most types of armour.
You have claws for hands.
Your natural rate of healing is unusually fast.
You are covered in fur. (AC +1)
You have tough skin. (AC +1)
You have a pair of small antennae on your head.
You are partially covered in large bone plates. (SH +4)
You are very agile. (Dex +8, Str/Int -2)
Your flesh is cold resistant. (rC+)
You passively map the area around you.
You are robust. (+10% HP)
Your body has grown eyes which may confuse attackers. (Acc +3)
Your gelatinous body deflects attacks. (AC +3, EV +3)
Potions cannot restore your health.
Your spells are a little easier to cast, but a little less powerful.


Message History

You climb upwards.
Level annotation: 2 transporters, Nabski's ghost, novice TeFE You hear a splatter.
There is a stone staircase leading down here.
You hear a distant slurping noise.
There is a stone staircase leading up here.
You climb upwards.
There is a stone staircase leading down here.
A soul eater comes into view.
You block the soul eater's attack.
You scratch the soul eater.
The soul eater is lightly wounded.
You eviscerate the soul eater!!!
The soul eater is severely wounded.
The soul eater hits you but does no damage.
You eviscerate the soul eater!!!
You kill the soul eater!
A large abomination comes into view.
A hell beast comes into view.
There is a stone staircase leading up here.
You climb upwards.
There is a stone staircase leading down here.
There is a stone staircase leading up here.
You climb upwards.
There is a stone staircase leading down here.
There is a stone staircase leading up here.
You climb upwards.
There is a stone staircase leading down here.
There is a stone staircase leading up here.
You climb upwards.
There is a stone staircase leading down here.
There is an open door here.
You see here a +0 plate armour.
There is an open door here.
You see here a +0 spear of flaming.
There is a large open door here.
There is a large open door here.
There is an open door here.
There is a staircase leading out of the dungeon here.
You have escaped!

############# ######...#
............##########........#
..#####................#.##...#
..............#.......##.##...#
####........#..#.........######
#........#.....######.#
#..........#####♣♣♣...# #
##.#######.##### ♣⌠..#.# ###..#
#####.##.@# ♣♣♣.#.#####
..#.####.....##..#####.#.#...####
#...###..######'##...'.#........#
##.##...## #..'.♣.'.#..#.###..
...##.### ##.'...#.#....#..##
##....### #.#####.#.(.#.⌠⌠.#
####....## ###≈≈≈..#...#.⌠⌠.#
##.#..# #8........##..#.
####..##.## #######.....###.


There were no monsters in sight!

Vanquished Creatures
  5 dread liches
  4 orbs of fire
  Mara (Vaults:5)
  4 ancient liches
  3 juggernauts
  Sojobo (Vaults:5)
  Boris (Vaults:5)
  3 Killer Klowns (Zot:5)
  Vv (Zot:3)
  A curse toe (Zot:4)
  13 golden dragons
  2 doom hounds
  A bone dragon (Depths:1)
  3 electric golems
  Jorgrun (Snake:1)
  A Tzitzimitl (Depths:2)
  3 liches
  14 tentacled monstrosities
  Mlioglotl (Lair:3)
  23 Orb Guardians
  A walking earthen tome (Depths:4)
  Grunn (Depths:2)
  3 deep elf master archers (Elf:3)
  Asterion (Vaults:2)
  3 deep elf blademasters (Elf:3)
  4 quicksilver dragons
  3 titans
  3 death cobs
  2 Executioners (D:13)
  4 sphinxes
  A tentacled starspawn (Abyss:3)
  Kirke (D:15)
  12 tengu reavers
  Agnes (Snake:4)
  12 storm dragons
  12 shadow dragons
  A nagaraja (Snake:4)
  5 draconian monks
  11 fire giants
  5 draconian knights
  Roxanne (Snake:1)
  9 frost giants
  10 deep elf sorcerers
  A ghost moth (Zot:3)
  2 balrugs
  4 draconian scorchers
  Aizul (Snake:1)
  4 draconian shifters
  13 vault wardens
  3 deep elf elementalists (Elf:3)
  An orc warlord (Vaults:2)
  3 draconian stormcallers
  A spriggan defender (Depths:2)
  7 draconian annihilators
  8 ironbound preservers
  A reaper (Depths:2)
  28 stone giants
  7 very ugly things
  A war gargoyle (Vaults:4)
  13 green draconians
  7 deep elf demonologists
  11 ironbound thunderhulks
  5 vampire knights
  A putrid mouth (Depths:1)
  10 black draconians
  15 dire elephants
  14 deep elf annihilators
  3 minotaurs
  5 red draconians
  12 purple draconians
  5 spark wasps
  9 yellow draconians
  6 white draconians
  2 blizzard demons (Abyss:3)
  6 deep elf death magi
  12 yaktaur captains
  2 crystal guardians
  3 merfolk impalers
  2 entropy weavers
  2 merfolk javelineers (Shoals:3)
  31 ettins
  15 fire dragons
  Josephine (Orc:1)
  8 ice dragons
  3 hydras
  2 rakshasas
  15 deep elf high priests
  3 ogre magi
  36 vault guards
  3 death knights
  2 hell beasts
  3 spriggan air magi
  4 salamander tyrants
  8 ironbound frosthearts
  9 anacondas
  A merfolk avatar (Shoals:3)
  2 peacekeepers
  3 alligator snapping turtles
  A catoblepas (Lair:2)
  18 dancing weapons
  16 centaur warriors
  4 boulder beetles
  12 naga warriors
  A boulder beetle (shapeshifter) (Vaults:4)
  6 two-headed ogres
  7 deep troll shamans
  10 satyrs (Shoals:4)
  18 death yaks
  8 deep troll earth magi
  3 spriggan berserkers
  3 thrashing horrors (Lair:5)
  Urug (Lair:4)
  12 naga sharpshooters
  9 tengu warriors
  6 shock serpents
  6 sun demons
  4 soul eaters
  A hell knight (Volcano)
  A skyshark (Shoals:2)
  6 deep elf knights
  Sonja (Lair:5)
  Amaemon (D:9)
  A skeletal warrior (Vaults:2)
  2 sun moths (Shoals:2)
  8 sea snakes
  11 iron trolls
  10 salamander mystics
  A sixfirhy (Abyss:3)
  A shadow demon (Zot:5)
  44 deep trolls
  2 flayed ghosts
  8 wizards
  5 naga ritualists
  8 phantasmal warriors
  18 harpies
  17 ironbound convokers
  32 deep elf pyromancers
  3 orc knights
  A necromancer (Vaults:3)
  23 deep elf zephyrmancers
  A shadow dragon zombie (Vaults:3)
  9 lindwurms
  16 deep elf archers
  2 starcursed masses (Abyss:3)
  6 oklob plants
  19 mana vipers
  13 fauns
  55 ugly things
  An orc sorcerer (Elf:1)
  16 moths of wrath
  15 cyclopes
  17 manticores
  25 salamanders
  A frost giant skeleton (Vaults:2)
  7 merfolk sirens
  2 rust devils
  40 black mambas
  23 elephants
  13 vault sentinels
  2 molten gargoyles (Volcano)
  4 water nymphs
  30 naga magi
  4 smoke demons
  6 gargoyles
  A water nymph (shapeshifter) (Elf:1)
  8 guardian serpents
  A cane toad (shapeshifter) (Lair:5)
  An orange demon (D:9)
  A torpor snail (Gauntlet)
  An unseen horror (D:13)
  13 cane toads
  Maggie (D:9)
  2 tormentors
  A yaktaur zombie (Vaults:3)
  8 rime drakes
  6 freezing wraiths
  A rime drake (shapeshifter) (D:13)
  11 komodo dragons
  A kobold demonologist (D:9)
  15 yaktaurs
  A red devil (Depths:4)
  4 tengu conjurers
  2 ancient zymes (Lair:5)
  4 trolls
  3 wind drakes
  3 hellwings
  2 polar bears (Lair:2)
  21 blink frogs
  3 raiju (Abyss:3)
  3 hornets
  21 merfolk
  8 snapping turtles
  An ettin zombie (Vaults:3)
  13 dream sheep
  2 shadows
  An elf skeleton (Vaults:2)
  3 ynoxinuls (Lair:5)
  8 air elementals
  8 wyverns
  A yak (shapeshifter) (D:13)
  2 water elementals
  A slime creature (Vaults:3)
  A hog (D:15)
  82 yaks
  A vampire (D:12)
  6 wraiths
  6 fire bats
  A human (shapeshifter) (D:14)
  3 large abominations
  4 fire elementals
  A neqoxec (Depths:4)
  3 chaos spawn (Lair:5)
  4 vampire mosquitoes (D:13)
  A yaktaur simulacrum (Vaults:2)
  A steam dragon (D:10)
  14 small abominations
  10 basilisks
  4 wargs
  Menkaure (D:6)
  55 nagas
  A hell hound (D:14)
  2 acid dragons
  10 water moccasins
  2 ice beasts
  3 black bears
  15 orc warriors
  A swamp drake (D:12)
  7 ogres
  A sky beast (D:5)
  6 boggarts
  15 wolves
  18 centaurs
  3 elf zombies (Ossuary)
  A kobold brigand (D:10)
  4 necrophages
  9 bullfrogs
  4 scorpions
  2 earth elementals (Elf:2)
  4 wights
  A jelly (Depths:3)
  A killer bee (D:9)
  3 howler monkeys
  An electric eel (Lair:3)
  5 lava snakes (Volcano)
  A quasit (Abyss:3)
  A hound (D:6)
  3 centaur zombies (Ossuary)
  3 human zombies
  10 orc priests
  4 iguanas
  11 orc wizards
  10 hell rats (D:14)
  3 mummies (Ossuary)
  5 gnolls
  5 adders
  An ufetubus (D:5)
  2 adder zombies (Ossuary)
  3 worms
  2 dart slugs
  43 orcs
  3 endoplasms
  3 giant cockroaches
  2 gnoll zombies (Ossuary)
  8 goblins
  9 hobgoblins
  2 jackals (D:3)
  2 quokkas
  7 ball pythons
  6 bats
  3 frilled lizards (D:1)
  2 goblin zombies (Ossuary)
  5 hobgoblin zombies (Ossuary)
  5 jackal zombies (Ossuary)
  13 kobolds
  5 kobold zombies (Ossuary)
  2 orc zombies (Ossuary)
  3 quokka zombies (Ossuary)
  10 rats
  2 rat zombies (Ossuary)
  A plant (Shoals:2)
1952 creatures vanquished.

Vanquished Creatures (others)
  A tentacled monstrosity (Vaults:5)
  6 acid blobs
  A walking divine tome (Depths:4)
  5 azure jellies
  A tengu reaver (Vaults:5)
  A fire giant (Depths:2)
  A war gargoyle (Vaults:5)
  A deep elf demonologist (Elf:3)
  2 deep elf high priests
  7 great orbs of eyes
  A salamander tyrant (Snake:4)
  A dancing weapon (Elf:2)
  A naga warrior (Snake:4)
  4 glowing orange brains
  A deep elf archer (Elf:1)
  2 ironbound convokers
  3 deep elf zephyrmancers
  A necromancer (Vaults:2)
  A deep elf pyromancer (Elf:1)
  A faun (shapeshifter) (D:6)
  A mana viper (shapeshifter) (Depths:2)
  A guardian serpent (Snake:4)
  An elephant (Lair:5)
  A naga mage (Snake:4)
  A vault sentinel (Vaults:4)
  A torpor snail (shapeshifter) (Vaults:5)
  A tengu conjurer (Depths:2)
  A merfolk (shapeshifter) (Vaults:5)
  A raiju (Abyss:3)
  13 slime creatures
  5 yaks (Lair:5)
  4 humans (D:15)
  A golden eye (shapeshifter) (Depths:2)
  A redback (shapeshifter) (Depths:4)
  A naga (Snake:2)
  A floating eye (shapeshifter) (Vaults:5)
  A water moccasin (Lair:5)
  A boggart (Vaults:3)
  A centaur (D:9)
  A centaur (shapeshifter) (Vaults:2)
  A phantom (D:5)
  2 bullfrogs
  An earth elemental (Elf:1)
  A glowing shapeshifter simulacrum (Vaults:2)
  A scorpion (D:6)
  2 wights (D:7)
  A howler monkey (shapeshifter) (Vaults:5)
  2 howler monkeys (D:12)
  A crimson imp (D:6)
  A quasit (Abyss:3)
  An orc priest (D:7)
  229 jellies
  An iguana (D:6)
  3 orc wizards
  An adder (D:6)
  A shadow imp (D:8)
  An ufetubus (D:6)
  18 orcs
  An endoplasm (D:14)
  96 fungi
  2 lurking horrors (Zot:2)
  155 plants
  2 starspawn tentacles (Abyss:3)
605 creatures vanquished.

Grand Total: 2557 creatures vanquished

Notes
Turn   | Place    | Note
-------+----------+-------------------------------------------
     0 | D:1      | benadryl the Troll Gladiator began the quest for the Orb.
     0 | D:1      | Reached XP level 1. HP: 19/19 MP: 0/0
    38 | D:1      | Reached XP level 2. HP: 27/27 MP: 1/1
    39 | D:1      | Found a faded altar of an unknown god.
   199 | D:1      | Reached skill level 4 in Unarmed Combat
   199 | D:1      | Reached XP level 3. HP: 25/33 MP: 2/2
   756 | D:2      | Reached skill level 5 in Unarmed Combat
   756 | D:2      | Reached XP level 4. HP: 41/41 MP: 3/3
  1345 | D:3      | Identified the +10 hand axe of Ytamp {flame, Contam Will+
                  | rCorr Str+4}
  1487 | D:3      | Found an ornate altar of the Wu Jian Council.
  1488 | D:3      | Found an ancient bone altar of Kikubaaqudgha.
  1488 | D:3      | Found a blossoming altar of Fedhas.
  1501 | D:3      | Found a bloodstained altar of Trog.
  1502 | D:3      | Found a stormy altar of Qazlal.
  1502 | D:3      | Found a shadowy altar of Dithmenos.
  1748 | D:3      | Reached XP level 5. HP: 48/48 MP: 4/4
  1811 | D:3      | Found a glowing silver altar of Zin.
  1921 | D:4      | Identified the ring of the Catamount {rC+ Str+2}
  1985 | D:4      | Reached skill level 6 in Unarmed Combat
  2037 | D:4      | Reached XP level 6. HP: 52/55 MP: 5/5
  2105 | D:4      | Reached skill level 7 in Unarmed Combat
  2355 | D:5      | Entered Level 5 of the Dungeon
  2383 | D:5      | Found a staircase to the Ecumenical Temple.
  2392 | Temple   | Entered the Ecumenical Temple
  2423 | Temple   | Became a worshipper of Jiyva Juopsuli the Shapeless
  2507 | D:5      | Reached skill level 8 in Unarmed Combat
  2605 | D:5      | Reached XP level 7. HP: 62/62 MP: 6/6
  2737 | D:5      | Reached skill level 9 in Unarmed Combat
  2970 | D:6      | Found a transporter.
  2973 | D:6      | Noticed a troll
  2976 | D:6      | a troll changed into a cane toad
  2976 | D:6      | Noticed a cane toad (shapeshifter)
  2977 | D:6      | Noticed a small abomination
  2990 | D:6      | Noticed Nabski's ghost (novice TeFE)
  2998 | D:6      | Found a transporter.
  3003 | D:6      | Reached * piety under Jiyva
  3003 | D:6      | Noticed a purple ugly thing
  3014 | D:6      | Noticed Menkaure
  3020 | D:6      | Killed Menkaure
  3021 | D:6      | Reached skill level 10 in Unarmed Combat
  3021 | D:6      | Reached XP level 8. HP: 48/71 MP: 7/7
  3049 | D:6      | Found a sand-covered staircase.
  3055 | Ossuary  | Entered an ossuary
  3493 | D:6      | Reached skill level 5 in Fighting
  3614 | D:6      | Found a one-way gate to the infinite horrors of the Abyss.
  3930 | D:6      | Reached ** piety under Jiyva
  3980 | D:6      | Killed a faun
  4271 | D:7      | Reached XP level 9. HP: 88/89 MP: 8/8
  4676 | D:8      | Reached *** piety under Jiyva
  4885 | D:8      | Noticed a two-headed ogre
  4886 | D:8      | Noticed a centaur warrior
  4895 | D:8      | Killed a two-headed ogre
  4956 | D:8      | Noticed a centaur warrior
  4957 | D:8      | Killed a centaur warrior
  4968 | D:8      | HP: 4/98 [centaur warrior (14)]
  4969 | D:8      | Killed a centaur warrior
  4970 | D:8      | Reached XP level 10. HP: 6/107 MP: 9/9
  5157 | D:8      | Found a white marble altar of Elyvilon.
  5255 | D:8      | Paralysed by a hornet for 3 turns
  5494 | D:9      | Gained mutation: Your body has grown eyes which may confuse
                  | attackers. (Acc +3) [Jiyva's grace]
  5494 | D:9      | Gained mutation: Your body has grown many eyes which may
                  | confuse attackers. (Acc +5) [Jiyva's grace]
  5494 | D:9      | Gained mutation: Your body is covered in eyes which may
                  | confuse attackers. (Acc +7, SInv) [Jiyva's grace]
  5494 | D:9      | Gained mutation: Your melee attacks may engulf your foes in
                  | ooze. [Jiyva's grace]
  5507 | D:9      | Reached skill level 10 in Fighting
  5512 | D:9      | Noticed a rust devil
  5838 | D:9      | Noticed Amaemon
  5839 | D:9      | Noticed an orange demon
  5845 | D:9      | Killed an orange demon
  5846 | D:9      | Reached skill level 11 in Unarmed Combat
  5850 | D:9      | Killed Amaemon
  5893 | D:9      | Reached skill level 12 in Unarmed Combat
  5953 | D:9      | Noticed Maggie
  5959 | D:9      | Killed Maggie
  6054 | D:9      | Found a staircase to the Lair.
  6152 | Lair:1   | Entered Level 1 of the Lair of Beasts
  6192 | D:9      | Reached skill level 1 in Armour
  6338 | Lair:1   | Noticed an elephant
  6338 | Lair:1   | Noticed an elephant
  6338 | Lair:1   | Noticed an elephant
  6338 | Lair:1   | Noticed an elephant
  6339 | Lair:1   | Noticed an elephant
  6339 | Lair:1   | Noticed an elephant
  6345 | Lair:1   | Killed an elephant
  6346 | Lair:1   | Reached XP level 11. HP: 85/117 MP: 7/10
  6354 | Lair:1   | Reached skill level 5 in Armour
  6628 | Lair:1   | Reached **** piety under Jiyva
  7288 | Lair:2   | Noticed an oklob plant
  7297 | Lair:2   | Killed an oklob plant
  7409 | Lair:2   | Reached ***** piety under Jiyva
  7449 | Lair:2   | Reached XP level 12. HP: 100/126 MP: 11/11
  7491 | Lair:2   | Lost mutation: Your body is covered in eyes which may
                  | confuse attackers. (Acc +7, SInv) [Jiyva's grace]
  7491 | Lair:2   | Gained mutation: You heal very quickly. [Jiyva's grace]
  7491 | Lair:2   | Gained mutation: You regenerate. [Jiyva's grace]
  7491 | Lair:2   | Gained mutation: You have a small jelly attached to you
                  | that may absorb projectiles. [Jiyva's grace]
  7491 | Lair:2   | Gained mutation: You have very sharp teeth. [Jiyva's grace]
  7620 | Lair:2   | Noticed a catoblepas
  7628 | Lair:2   | Killed a catoblepas
  7662 | Lair:2   | Reached skill level 10 in Armour
  7858 | Lair:2   | Noticed a boulder beetle
  7881 | Lair:2   | Killed a boulder beetle
  7889 | Lair:2   | Noticed a six-headed hydra
  8068 | Lair:2   | Slimified a seven-headed hydra
  8068 | Lair:2   | a seven-headed hydra changed into an azure jelly
  8068 | Lair:2   | Noticed an azure jelly
  8484 | Lair:3   | Reached skill level 13 in Unarmed Combat
  8564 | Lair:3   | Found a dark tunnel.
  8592 | Volcano  | Entered a volcano
  8811 | Volcano  | Noticed an ogre mage
  8818 | Volcano  | Killed an ogre mage
  8819 | Volcano  | Reached skill level 14 in Unarmed Combat
  8853 | Volcano  | Found a radiant altar of Vehumet.
  8853 | Volcano  | Noticed a two-headed ogre
  8856 | Volcano  | Noticed a two-headed ogre
  8859 | Volcano  | Killed a two-headed ogre
  8860 | Volcano  | Noticed a two-headed ogre
  8864 | Volcano  | Killed a two-headed ogre
  8866 | Volcano  | Killed a two-headed ogre
  8945 | Volcano  | Noticed a two-headed ogre
  8952 | Volcano  | Killed a two-headed ogre
  8957 | Volcano  | Reached skill level 15 in Unarmed Combat
  9173 | Lair:3   | Found a staircase to the Snake Pit.
  9273 | Lair:3   | Reached XP level 13. HP: 119/133 MP: 12/12
  9564 | Lair:3   | Found a staircase to the Shoals.
  9807 | Lair:4   | Lost mutation: You have very sharp teeth. [Jiyva's grace]
  9807 | Lair:4   | Gained mutation: You have large cloven feet. [Jiyva's
                  | grace]
  9807 | Lair:4   | Gained mutation: You have hoof-like feet. [Jiyva's grace]
  9807 | Lair:4   | Gained mutation: You have hooves in place of feet. [Jiyva's
                  | grace]
  9807 | Lair:4   | Gained mutation: Your muscles are strong. (Str +4, Int/Dex
                  | -1) [Jiyva's grace]
  9987 | Lair:4   | Reached ****** piety under Jiyva
 10009 | Lair:4   | Found a frozen archway.
 10019 | IceCv    | Entered an ice cave
 10234 | Lair:4   | Noticed Urug
 10241 | Lair:4   | Killed Urug
 10963 | Lair:5   | Entered Level 5 of the Lair of Beasts
 10973 | Lair:5   | Found a viscous altar of Jiyva.
 10974 | Lair:5   | Found a staircase to the Slime Pits.
 11024 | Lair:5   | Reached XP level 14. HP: 118/153 MP: 13/13
 11307 | Lair:5   | Noticed Sonja
 11323 | Lair:5   | an eight-headed hydra changed into an acid blob
 11323 | Lair:5   | Noticed an acid blob
 11323 | Lair:5   | Found a shimmering altar of Xom.
 11329 | Lair:5   | Killed Sonja
 11360 | Lair:5   | Lost mutation: You have hooves in place of feet. [Jiyva's
                  | grace]
 11360 | Lair:5   | Lost mutation: Your melee attacks may engulf your foes in
                  | ooze. [Jiyva's grace]
 11360 | Lair:5   | Gained mutation: Your mind is acute. (Int +4, Str/Dex -1)
                  | [Jiyva's grace]
 11360 | Lair:5   | Gained mutation: Your mind is very acute. (Int +8, Str/Dex
                  | -2) [Jiyva's grace]
 11360 | Lair:5   | Gained mutation: You are robust. (+10% HP) [Jiyva's grace]
 11360 | Lair:5   | Gained mutation: You are very robust. (+20% HP) [Jiyva's
                  | grace]
 11521 | Lair:5   | Killed an acid blob
 11872 | Lair:5   | Reached skill level 15 in Fighting
 11940 | Lair:5   | Identified the +0 robe of Existentialism {Dex+3 Archmagi}
 12019 | Lair:5   | Found a corrupted altar of Lugonu.
 12050 | Lair:5   | Reached XP level 15. HP: 200/200 MP: 14/14
 12068 | Lair:5   | Learned a level 6 spell: Summon Cactus Giant
 12366 | D:10     | Entered Level 10 of the Dungeon
 12376 | D:10     | Found a radiant altar of Vehumet.
 12788 | D:10     | Reached skill level 5 in Summonings
 13077 | D:11     | Found a runed translucent gate.
 13077 | D:11     | Found a runed translucent gate.
 13170 | D:11     | Found a runed translucent gate.
 13241 | D:11     | You fall into a shaft and drop 1 floor!
 13284 | D:12     | Lost mutation: Your mind is very acute. (Int +8, Str/Dex
                  | -2) [Jiyva's grace]
 13284 | D:12     | Lost mutation: You regenerate. [Jiyva's grace]
 13284 | D:12     | Lost mutation: You heal very quickly. [Jiyva's grace]
 13284 | D:12     | Gained mutation: You possess an exceptional clarity of
                  | mind. [Jiyva's grace]
 13284 | D:12     | Gained mutation: You have a pair of small antennae on your
                  | head. [Jiyva's grace]
 13284 | D:12     | Gained mutation: You have a pair of antennae on your head.
                  | [Jiyva's grace]
 13284 | D:12     | Gained mutation: You have a pair of large antennae on your
                  | head. (SInv) [Jiyva's grace]
 13695 | D:12     | Found a staircase to the Orcish Mines.
 14226 | Orc:1    | Entered Level 1 of the Orcish Mines
 14247 | Orc:1    | Reached skill level 1 in Spellcasting
 14247 | Orc:1    | Noticed Josephine
 14258 | Orc:1    | Killed Josephine
 14716 | Orc:2    | Entered Level 2 of the Orcish Mines
 14811 | Orc:2    | Found Toibaq's Antique Armour Emporium.
 14942 | Orc:2    | Found Dozant's General Store.
 14957 | Orc:2    | Reached XP level 16. HP: 211/211 MP: 17/17
 14990 | Orc:2    | Found Lawuinti's Book Shoppe.
 15133 | Orc:2    | Found a staircase to the Elven Halls.
 15226 | Orc:2    | Found Qijuos Iczi's Antique Weapon Shop.
 15305 | Orc:2    | Lost mutation: You have a pair of large antennae on your
                  | head. (SInv) [Jiyva's grace]
 15305 | Orc:2    | Lost mutation: You have a pair of antennae on your head.
                  | [Jiyva's grace]
 15305 | Orc:2    | Lost mutation: You have hoof-like feet. [Jiyva's grace]
 15305 | Orc:2    | Lost mutation: You are very robust. (+20% HP) [Jiyva's
                  | grace]
 15305 | Orc:2    | Lost mutation: You have a small jelly attached to you that
                  | may absorb projectiles. [Jiyva's grace]
 15305 | Orc:2    | Gained mutation: Your rubbery body absorbs attacks. (AC +1,
                  | EV +1) [Jiyva's grace]
 15305 | Orc:2    | Gained mutation: Your pliable body absorbs attacks. (AC +2,
                  | EV +2) [Jiyva's grace]
 15305 | Orc:2    | Gained mutation: Your gelatinous body deflects attacks. (AC
                  | +3, EV +3) [Jiyva's grace]
 15305 | Orc:2    | Gained mutation: Your flesh is heat resistant. (rF+)
                  | [Jiyva's grace]
 15760 | D:13     | an 11-headed hydra changed into an acid blob
 15760 | D:13     | Noticed an acid blob
 16315 | D:13     | Reached skill level 5 in Throwing
 16324 | D:13     | Found a gate to the Vaults.
 16500 | D:13     | Identified a scroll of acquirement
 16500 | D:13     | Acquired the ring "Tifiug" {rF+ MP+9 Slay+3}
 16563 | D:13     | Reached skill level 1 in Shields
 17119 | D:14     | Reached skill level 5 in Shields
 17229 | D:14     | Found a blossoming altar of Fedhas.
 17553 | D:15     | Entered Level 15 of the Dungeon
 17594 | D:15     | Found a gate leading to a gauntlet.
 17602 | Gauntlet | Entered a Gauntlet
 17602 | Gauntlet | Found a transporter.
 17613 | Gauntlet | Found a transporter.
 17614 | Gauntlet | Found a transporter.
 17616 | Gauntlet | Found a transporter.
 17639 | Gauntlet | Found a transporter.
 17649 | Gauntlet | Found a transporter.
 17656 | Gauntlet | Found a transporter.
 17673 | Gauntlet | Found a transporter.
 17691 | Gauntlet | Found a transporter.
 17703 | Gauntlet | Found a transporter.
 17705 | Gauntlet | Lost mutation: You have a pair of small antennae on your
                  | head. [Jiyva's grace]
 17705 | Gauntlet | Lost mutation: You possess an exceptional clarity of mind.
                  | [Jiyva's grace]
 17705 | Gauntlet | Lost mutation: Your mind is acute. (Int +4, Str/Dex -1)
                  | [Jiyva's grace]
 17705 | Gauntlet | Lost mutation: Your flesh is heat resistant. (rF+) [Jiyva's
                  | grace]
 17705 | Gauntlet | Lost mutation: Your gelatinous body deflects attacks. (AC
                  | +3, EV +3) [Jiyva's grace]
 17705 | Gauntlet | Gained mutation: Your muscles are very strong. (Str +8,
                  | Int/Dex -2) [Jiyva's grace]
 17705 | Gauntlet | Gained mutation: Your flesh is cold resistant. (rC+)
                  | [Jiyva's grace]
 17705 | Gauntlet | Gained mutation: Your flesh is very cold resistant. (rC++)
                  | [Jiyva's grace]
 17705 | Gauntlet | Gained mutation: Your flesh is almost immune to the effects
                  | of cold. (rC+++) [Jiyva's grace]
 17711 | Gauntlet | Found a large runed translucent door.
 17712 | Gauntlet | Found a large runed translucent door.
 17713 | Gauntlet | Found a large runed translucent door.
 17714 | Gauntlet | Found a runed translucent gate.
 17715 | Gauntlet | Found a transporter.
 17715 | Gauntlet | Found a runed translucent gate.
 17716 | Gauntlet | Found a runed translucent gate.
 17717 | Gauntlet | Found a large runed translucent door.
 17718 | Gauntlet | Found a large runed translucent door.
 17719 | Gauntlet | Found a large runed translucent door.
 17730 | Gauntlet | Found a transporter.
 17739 | Gauntlet | Found a transporter.
 17745 | Gauntlet | Found a transporter.
 17746 | Gauntlet | Found a transporter.
 17770 | Gauntlet | Found a large runed translucent door.
 17771 | Gauntlet | Found a large runed translucent door.
 17771 | Gauntlet | Found a large runed translucent door.
 17771 | Gauntlet | Found a runed translucent door.
 17772 | Gauntlet | Found a large runed translucent door.
 17773 | Gauntlet | Found a large runed translucent door.
 17775 | Gauntlet | Found a transporter.
 17828 | Gauntlet | Found a transporter.
 17875 | Gauntlet | Found a large runed translucent door.
 17884 | Gauntlet | Found a large runed translucent door.
 17884 | Gauntlet | Found a large runed translucent door.
 17884 | Gauntlet | Found a large runed translucent door.
 17884 | Gauntlet | Found a runed translucent door.
 17888 | Gauntlet | Found a transporter.
 17980 | Gauntlet | Found a large runed translucent door.
 18001 | Gauntlet | Identified the -2 cloak of Whack-A-Mole {rElec}
 18009 | Gauntlet | Identified the ring of Mistrust {+Blink rF+ Str-2 Dex+6}
 18102 | D:15     | Noticed Kirke
 18123 | D:15     | Killed Kirke
 18449 | D:15     | Found a staircase to the Depths.
 19001 | D:12     | Identified the +3 leather armour "Taawetiph" {rElec rF-
                  | Int-5 Stlth+}
 19058 | D:11     | Noticed domi's ghost (journeyman DsCj)
 19183 | Snake:1  | Entered Level 1 of the Snake Pit
 19211 | Snake:1  | Noticed Mlioglotl
 19212 | Snake:1  | Reached XP level 17. HP: 135/202 MP: 19/19
 19224 | Lair:3   | Killed Mlioglotl
 19396 | Snake:1  | Reached skill level 10 in Shields
 19406 | Snake:1  | Identified Roxanne's Monograph on Bedrock
 19406 | Snake:1  | Noticed Roxanne
 19409 | Snake:1  | Reached skill level 16 in Unarmed Combat
 19653 | Snake:1  | Killed Roxanne
 19692 | Snake:1  | Noticed Aizul
 19700 | Snake:1  | Noticed Jorgrun
 19702 | Snake:1  | Killed Aizul
 19709 | Snake:1  | Killed Jorgrun
 19838 | Snake:1  | Lost mutation: You have large cloven feet. [Jiyva's grace]
 19838 | Snake:1  | Lost mutation: Your body has grown many eyes which may
                  | confuse attackers. (Acc +5) [Jiyva's grace]
 19838 | Snake:1  | Gained mutation: Your spells are a little harder to cast,
                  | but a little more powerful. [Jiyva's grace]
 19838 | Snake:1  | Gained mutation: Your spells are harder to cast, but more
                  | powerful. [Jiyva's grace]
 19838 | Snake:1  | Gained mutation: Your spells are much harder to cast, but
                  | much more powerful. [Jiyva's grace]
 19838 | Snake:1  | Gained mutation: You have supernaturally acute eyesight.
                  | (SInv) [Jiyva's grace]
 19857 | Snake:1  | Found Pillipp's Antique Armour Emporium.
 20203 | Snake:2  | Reached skill level 17 in Unarmed Combat
 20920 | Snake:3  | Found the amulet of the Air {Inacc Air Fly rElec RMsl}
 20977 | Snake:3  | Found a transporter.
 20979 | Snake:3  | Found a transporter.
 20988 | Snake:3  | Found a transporter.
 20990 | Snake:3  | Found a transporter.
 21044 | Snake:3  | Lost mutation: You are robust. (+10% HP) [Jiyva's grace]
 21044 | Snake:3  | Lost mutation: Your muscles are very strong. (Str +8,
                  | Int/Dex -2) [Jiyva's grace]
 21044 | Snake:3  | Lost mutation: Your spells are much harder to cast, but
                  | much more powerful. [Jiyva's grace]
 21044 | Snake:3  | Lost mutation: Your body has grown eyes which may confuse
                  | attackers. (Acc +3) [Jiyva's grace]
 21044 | Snake:3  | Lost mutation: Your pliable body absorbs attacks. (AC +2,
                  | EV +2) [Jiyva's grace]
 21044 | Snake:3  | Gained mutation: You have a pair of small antennae on your
                  | head. [Jiyva's grace]
 21044 | Snake:3  | Gained mutation: You have a pair of antennae on your head.
                  | [Jiyva's grace]
 21044 | Snake:3  | Gained mutation: You have a pair of large antennae on your
                  | head. (SInv) [Jiyva's grace]
 21044 | Snake:3  | Gained mutation: Your translucent skin slightly reduces
                  | your foes' accuracy. (Stealth+) [Jiyva's grace]
 21227 | Snake:3  | Found a transporter.
 21230 | Snake:3  | Found a transporter.
 21295 | Snake:3  | Reached skill level 18 in Unarmed Combat
 21818 | Snake:4  | Entered Level 4 of the Snake Pit
 22002 | Snake:4  | Noticed Agnes
 22362 | Snake:4  | Killed Agnes
 22363 | Snake:4  | Reached skill level 19 in Unarmed Combat
 22621 | Snake:4  | Reached XP level 18. HP: 159/193 MP: 20/20
 23099 | Snake:4  | Reached skill level 20 in Unarmed Combat
 24006 | Snake:4  | Got a serpentine rune of Zot
 24200 | Shoals:1 | Entered Level 1 of the Shoals
 24375 | Shoals:1 | Upgraded the game from 0.30-a0-800-g7c544603b3 to
                  | 0.30-a0-802-gb92711bcdf
 24829 | Shoals:2 | Gained mutation: You have a small jelly attached to you
                  | that may absorb projectiles. [Jiyva's grace]
 24829 | Shoals:2 | Gained mutation: Armour fits poorly on your pseudopods.
                  | [Jiyva's grace]
 24829 | Shoals:2 | Gained mutation: Armour fits poorly on your large
                  | pseudopods. [Jiyva's grace]
 24829 | Shoals:2 | Gained mutation: Armour fits poorly on your massive
                  | pseudopods. [Jiyva's grace]
 25254 | Shoals:3 | HP: 8/198 [barbs]
 26025 | Shoals:4 | Entered Level 4 of the Shoals
 26531 | Shoals:4 | Reached skill level 5 in Dodging
 26584 | Shoals:4 | Reached XP level 19. HP: 183/206 MP: 21/21
 26593 | Shoals:4 | Upgraded the game from 0.30-a0-802-gb92711bcdf to
                  | 0.30-a0-808-g6e0788376e
 27348 | Shoals:4 | Got a barnacled rune of Zot
 27534 | Slime:1  | Entered Level 1 of the Pits of Slime
 27585 | Slime:5  | Entered Level 5 of the Pits of Slime
 27603 | Slime:5  | Found a viscous altar of Jiyva.
 27604 | Slime:5  | Noticed the Royal Jelly
 27613 | Slime:5  | Got Eryirapo's Teachings on the Voltaic Crypt
 27621 | Slime:5  | Got a slimy rune of Zot
 27945 | Elf:1    | Entered Level 1 of the Elven Halls
 28222 | Elf:1    | Paralysed by an air elemental for 1 turns
 28311 | Elf:1    | Noticed a Tzitzimitl
 28390 | Elf:1    | Found a runed translucent gate.
 28390 | Elf:1    | Found a runed translucent gate.
 28390 | Elf:1    | Found a runed translucent gate.
 28390 | Elf:1    | Found a runed translucent gate.
 28390 | Elf:1    | Found a runed translucent gate.
 28391 | Elf:1    | Found a runed translucent gate.
 28491 | Elf:1    | Lost mutation: Your flesh is almost immune to the effects
                  | of cold. (rC+++) [Jiyva's grace]
 28491 | Elf:1    | Lost mutation: Your flesh is very cold resistant. (rC++)
                  | [Jiyva's grace]
 28491 | Elf:1    | Lost mutation: Your spells are harder to cast, but more
                  | powerful. [Jiyva's grace]
 28491 | Elf:1    | Lost mutation: Your rubbery body absorbs attacks. (AC +1,
                  | EV +1) [Jiyva's grace]
 28491 | Elf:1    | Lost mutation: Armour fits poorly on your massive
                  | pseudopods. [Jiyva's grace]
 28491 | Elf:1    | Lost mutation: Your translucent skin slightly reduces your
                  | foes' accuracy. (Stealth+) [Jiyva's grace]
 28491 | Elf:1    | Gained mutation: Your body has grown eyes which may confuse
                  | attackers. (Acc +3) [Jiyva's grace]
 28491 | Elf:1    | Gained mutation: Your body has grown many eyes which may
                  | confuse attackers. (Acc +5) [Jiyva's grace]
 28491 | Elf:1    | Gained mutation: Your body is covered in eyes which may
                  | confuse attackers. (Acc +7, SInv) [Jiyva's grace]
 28491 | Elf:1    | Gained mutation: Your flesh is heat resistant. (rF+)
                  | [Jiyva's grace]
 29077 | Elf:2    | Paralysed by an air elemental for 1 turns
 29087 | Elf:2    | Identified the +0 falchion of the Vendetta {drain, rN+
                  | Int+3 Dex+3}
 29157 | Elf:2    | Paralysed by an air elemental for 1 turns
 29317 | Elf:2    | Found a runed translucent gate.
 29317 | Elf:2    | Found a runed translucent gate.
 29323 | Elf:2    | Found a runed translucent gate.
 29452 | Elf:2    | Found Tokoyo's Dragon-Slaying Spoils.
 29475 | Elf:2    | Bought +2 gold dragon scales for 1472 gold pieces
 29562 | Elf:3    | Entered Level 3 of the Elven Halls
 29564 | Elf:3    | Paralysed by an air elemental for 1 turns
 29679 | Abyss:3  | Cast into level 3 of the Abyss (a deep elf sorcerer)
 29823 | Abyss:3  | Paralysed by accursed screaming for 1 turns
 29826 | Abyss:3  | Got an abyssal rune of Zot
 29829 | Abyss:3  | Paralysed by accursed screaming for 2 turns
 29832 | Abyss:3  | HP: 8/211 [starcursed mass/accursed screaming (8)]
 29839 | Abyss:3  | Found a corrupted altar of Lugonu.
 29897 | Abyss:3  | Found a runed translucent door.
 29897 | Abyss:3  | Found a runed translucent door.
 29898 | Abyss:3  | Found a runed translucent gate.
 29904 | Abyss:3  | Found a runed translucent gate.
 29907 | Elf:3    | Escaped the Abyss
 30166 | Elf:3    | Identified the amulet "Ruwkoos" {rF+ Regen+ Str+2}
 30207 | Elf:3    | Reached XP level 20. HP: 213/223 MP: 22/22
 30219 | Elf:3    | Lost mutation: You have a pair of large antennae on your
                  | head. (SInv) [Jiyva's grace]
 30219 | Elf:3    | Lost mutation: You have supernaturally acute eyesight.
                  | (SInv) [Jiyva's grace]
 30219 | Elf:3    | Gained mutation: You have a small jelly attached to you
                  | that senses nearby items. [Jiyva's grace]
 30219 | Elf:3    | Gained mutation: You are partially covered in large bone
                  | plates. (SH +4) [Jiyva's grace]
 30219 | Elf:3    | Gained mutation: You are mostly covered in large bone
                  | plates. (SH +6) [Jiyva's grace]
 30219 | Elf:3    | Gained mutation: You are completely covered in large bone
                  | plates. (SH +8) [Jiyva's grace]
 30566 | Elf:3    | Got Lashruif's Grimoire of the Fair Folk and Turbulence
 30628 | Elf:3    | Identified the ring of the Jolly Friends {rPois rC- EV+5
                  | Dex+4 SInv}
 30732 | Elf:3    | Got the Vellum of the Legion and Bad Luck
 30756 | Elf:3    | Identified the ring "Xuffuwis" {rF+ rC+}
 30789 | Elf:3    | Identified the ring of Perfectionism {Drain rF+ MP+9 Int+6}
 31345 | Vaults:1 | Entered Level 1 of the Vaults
 31758 | Vaults:1 | Identified the +6 short sword of the Asp {flame, rPois rN++
                  | Int-5}
 32484 | Vaults:2 | Found a staircase to the Crypt.
 32687 | Vaults:2 | Lost mutation: Armour fits poorly on your large pseudopods.
                  | [Jiyva's grace]
 32687 | Vaults:2 | Gained mutation: Your melee attacks may engulf your foes in
                  | ooze. [Jiyva's grace]
 32687 | Vaults:2 | Gained mutation: You are robust. (+10% HP) [Jiyva's grace]
 32687 | Vaults:2 | Gained mutation: You are very robust. (+20% HP) [Jiyva's
                  | grace]
 32687 | Vaults:2 | Gained mutation: You are extremely robust. (+30% HP)
                  | [Jiyva's grace]
 33013 | Vaults:2 | Noticed an ancient lich
 33025 | Vaults:2 | Killed an ancient lich
 33034 | Vaults:2 | Reached XP level 21. HP: 187/298 MP: 23/23
 33225 | Vaults:2 | Got the Vellum of Conflagration and the Atmosphere
 33532 | Vaults:3 | Noticed Asterion
 33542 | Vaults:2 | Killed Asterion
 33586 | Vaults:3 | Reached skill level 10 in Throwing
 33972 | Vaults:3 | Reached skill level 21 in Unarmed Combat
 34613 | Vaults:4 | Found Gotzibef's Armour Emporium.
 34620 | Vaults:4 | Lost mutation: You have a pair of antennae on your head.
                  | [Jiyva's grace]
 34620 | Vaults:4 | Lost mutation: You have a pair of small antennae on your
                  | head. [Jiyva's grace]
 34620 | Vaults:4 | Lost mutation: Your flesh is heat resistant. (rF+) [Jiyva's
                  | grace]
 34620 | Vaults:4 | Lost mutation: You are extremely robust. (+30% HP) [Jiyva's
                  | grace]
 34620 | Vaults:4 | Lost mutation: You have a small jelly attached to you that
                  | senses nearby items. [Jiyva's grace]
 34620 | Vaults:4 | Gained mutation: You are agile. (Dex +4, Str/Int -1)
                  | [Jiyva's grace]
 34620 | Vaults:4 | Gained mutation: You are very agile. (Dex +8, Str/Int -2)
                  | [Jiyva's grace]
 34620 | Vaults:4 | Gained mutation: Your spells are harder to cast, but more
                  | powerful. [Jiyva's grace]
 34620 | Vaults:4 | Gained mutation: Your spells are much harder to cast, but
                  | much more powerful. [Jiyva's grace]
 34920 | Vaults:4 | Reached skill level 22 in Unarmed Combat
 34943 | Vaults:4 | Upgraded the game from 0.30-a0-808-g6e0788376e to
                  | 0.30-a0-824-g6c64550be9
 35000 | Vaults:4 | Got the Codex of the Tincture and Astrapomancy
 35293 | Vaults:5 | Entered Level 5 of the Vaults
 35293 | Vaults:5 | Noticed Boris
 35301 | Vaults:5 | Killed Boris
 35313 | Vaults:5 | Reached skill level 23 in Unarmed Combat
 35321 | Vaults:5 | Noticed Mara
 35328 | Vaults:5 | Noticed benadryl's illusion
 35328 | Vaults:5 | Noticed Sojobo
 35329 | Vaults:5 | Reached XP level 22. HP: 251/296 MP: 24/24
 35666 | Vaults:5 | Identified the +1 arbalest of Starshine {elec, rN++ Int-3}
 35683 | Vaults:5 | Noticed benadryl's illusion
 35689 | Vaults:5 | Killed Mara
 35691 | Vaults:5 | Identified the ring "Xarauschuped" {rC+++ Int+6}
 35700 | Vaults:5 | Identified the +9 mace of Dimpett {holy, rPois rC- rN+
                  | Int+2}
 35733 | Vaults:5 | Killed Sojobo
 35746 | Vaults:5 | Identified the ring of Hocail {rF+++ rCorr MP-9 Str+6
                  | Stlth-}
 36070 | Vaults:5 | Identified the amulet of Fetamp {Faith rPois Stlth+}
 36077 | Vaults:5 | Reached skill level 24 in Unarmed Combat
 36079 | Abyss:3  | Cast into level 3 of the Abyss (a deep elf sorcerer)
 36121 | Vaults:5 | Escaped the Abyss
 36157 | Abyss:4  | Cast into level 4 of the Abyss (a deep elf sorcerer)
 36173 | Vaults:5 | Escaped the Abyss
 36176 | Vaults:5 | Noticed a dread lich
 36178 | Vaults:5 | Identified the +9 spear "Fisapn" {flame, Int+2}
 36228 | Vaults:4 | Paralysed by a dread lich for 5 turns
 36242 | Vaults:4 | Killed a dread lich
 36279 | Vaults:5 | Identified the +1 scimitar of the Crushed Tusks {speed,
                  | rCorr Int+4 SInv}
 37593 | Vaults:4 | Reached skill level 25 in Unarmed Combat
 38088 | Vaults:5 | Identified the +1 trident of Uncertain Death {heavy, Str+2}
 38302 | Vaults:5 | Got a silver rune of Zot
 38536 | Depths:1 | Entered Level 1 of the Depths
 38587 | Depths:1 | Found Hoem's Assorted Antiques.
 38588 | Depths:1 | Found Zouse's Jewellery Emporium.
 38588 | Depths:1 | Found Rupaon's Book Shoppe.
 38633 | Depths:1 | Found Naoheqy's Assorted Antiques.
 38635 | Depths:1 | Bought a scroll of fear for 108 gold pieces
 38635 | Depths:1 | Bought a potion of heal wounds for 135 gold pieces
 38641 | Depths:1 | Bought a scroll of teleportation for 93 gold pieces
 38660 | Depths:1 | Found a transporter.
 38672 | Depths:1 | Noticed Joiny's ghost (veteran GrGl)
 38674 | Depths:1 | Noticed Tourr's ghost (veteran HuIE)
 38676 | Depths:1 | Noticed a caustic shrike
 38693 | Depths:1 | Found a transporter.
 38694 | Depths:1 | Noticed Funiw's ghost (adept TrMo)
 38846 | Depths:1 | Found a gateway to Hell.
 38917 | Depths:1 | Found a broken altar of Ashenzari.
 38970 | Depths:1 | Lost mutation: You are completely covered in large bone
                  | plates. (SH +8) [Jiyva's grace]
 38970 | Depths:1 | Lost mutation: You are very agile. (Dex +8, Str/Int -2)
                  | [Jiyva's grace]
 38970 | Depths:1 | Lost mutation: You are agile. (Dex +4, Str/Int -1) [Jiyva's
                  | grace]
 38970 | Depths:1 | Lost mutation: Your muscles are strong. (Str +4, Int/Dex
                  | -1) [Jiyva's grace]
 38970 | Depths:1 | Lost mutation: Your spells are much harder to cast, but
                  | much more powerful. [Jiyva's grace]
 38970 | Depths:1 | Gained mutation: You are agile. (Dex +4, Str/Int -1)
                  | [Jiyva's grace]
 38970 | Depths:1 | Gained mutation: You are very agile. (Dex +8, Str/Int -2)
                  | [Jiyva's grace]
 38970 | Depths:1 | Gained mutation: You have a pair of small antennae on your
                  | head. [Jiyva's grace]
 38970 | Depths:1 | Gained mutation: You have a pair of antennae on your head.
                  | [Jiyva's grace]
 38970 | Depths:1 | Found an iron altar of Okawaru.
 39121 | Depths:2 | Noticed Grunn
 39124 | Depths:2 | Reached XP level 23. HP: 307/308 MP: 25/25
 39425 | Depths:2 | Killed Grunn
 39495 | Depths:2 | Found a one-way gate leading to the halls of Pandemonium.
 39626 | Depths:2 | Noticed a juggernaut
 39639 | Depths:2 | Slimified a juggernaut
 39639 | Depths:2 | a juggernaut changed into an acid blob
 39824 | Depths:2 | Noticed a caustic shrike
 39831 | Depths:2 | Slimified a caustic shrike
 39831 | Depths:2 | a caustic shrike changed into an azure jelly
 39836 | Depths:2 | Noticed a caustic shrike
 39837 | Depths:2 | Slimified a caustic shrike
 39837 | Depths:2 | a caustic shrike changed into an azure jelly
 40041 | Depths:2 | Reached skill level 15 in Throwing
 40484 | Depths:3 | Found a one-way gateway to a ziggurat.
 40953 | Depths:3 | Identified the +6 scimitar of Descent {flame, rC+ Int+6
                  | Dex-4}
 40954 | Depths:3 | Noticed a juggernaut
 40962 | Depths:3 | Killed a juggernaut
 40979 | Depths:3 | Lost mutation: You are very agile. (Dex +8, Str/Int -2)
                  | [Jiyva's grace]
 40979 | Depths:3 | Lost mutation: Your spells are harder to cast, but more
                  | powerful. [Jiyva's grace]
 40979 | Depths:3 | Lost mutation: Your spells are a little harder to cast, but
                  | a little more powerful. [Jiyva's grace]
 40979 | Depths:3 | Lost mutation: Your body is covered in eyes which may
                  | confuse attackers. (Acc +7, SInv) [Jiyva's grace]
 40979 | Depths:3 | Lost mutation: Armour fits poorly on your pseudopods.
                  | [Jiyva's grace]
 40979 | Depths:3 | Lost mutation: Your melee attacks may engulf your foes in
                  | ooze. [Jiyva's grace]
 40979 | Depths:3 | Gained mutation: You have a small jelly attached to you
                  | that senses nearby items. [Jiyva's grace]
 40979 | Depths:3 | Gained mutation: Your muscles are strong. (Str +4, Int/Dex
                  | -1) [Jiyva's grace]
 40979 | Depths:3 | Gained mutation: Your muscles are very strong. (Str +8,
                  | Int/Dex -2) [Jiyva's grace]
 40979 | Depths:3 | Gained mutation: You are very agile. (Dex +8, Str/Int -2)
                  | [Jiyva's grace]
 40986 | Depths:3 | Identified the +8 whip "Awikk" {elec, rC+ Dex+4}
 40988 | Depths:3 | Identified the +3 triple crossbow "Stringbean" {penet,
                  | rPois rC+ Str+4 Dex-4}
 41062 | Depths:3 | Found a white marble altar of Elyvilon.
 41187 | Depths:3 | Found a corrupted altar of Lugonu.
 41193 | Depths:4 | Entered Level 4 of the Depths
 41272 | Depths:4 | Found a gate to the Realm of Zot.
 41333 | Depths:4 | Reached XP level 24. HP: 324/324 MP: 25/25
 41497 | Depths:4 | Paralysed by a vampire knight for 3 turns
 41554 | Depths:4 | Noticed a juggernaut
 41567 | Depths:4 | Killed a juggernaut
 41576 | Depths:4 | Noticed a juggernaut
 41592 | Depths:4 | Killed a juggernaut
 41619 | Depths:4 | Noticed a dread lich
 41623 | Depths:4 | Slimified a dread lich
 41623 | Depths:4 | a dread lich changed into an azure jelly
 41810 | Zot:1    | Entered Level 1 of the Realm of Zot
 42456 | Zot:2    | Upgraded the game from 0.30-a0-824-g6c64550be9 to
                  | 0.30-a0-830-gfe289a77b0
 42559 | Zot:2    | Lost mutation: You have a pair of antennae on your head.
                  | [Jiyva's grace]
 42559 | Zot:2    | Lost mutation: You are mostly covered in large bone plates.
                  | (SH +6) [Jiyva's grace]
 42559 | Zot:2    | Lost mutation: You have a small jelly attached to you that
                  | senses nearby items. [Jiyva's grace]
 42559 | Zot:2    | Lost mutation: You have a small jelly attached to you that
                  | may absorb projectiles. [Jiyva's grace]
 42559 | Zot:2    | Gained mutation: You passively map a small area around you.
                  | [Jiyva's grace]
 42559 | Zot:2    | Gained mutation: You passively map the area around you.
                  | [Jiyva's grace]
 42559 | Zot:2    | Gained mutation: You passively map a large area around you.
                  | [Jiyva's grace]
 42559 | Zot:2    | Gained mutation: Your rubbery body absorbs attacks. (AC +1,
                  | EV +1) [Jiyva's grace]
 42729 | Zot:2    | Found a corrupted altar of Lugonu.
 43012 | Zot:3    | Noticed Vv
 43029 | Zot:3    | Killed Vv
 43105 | Zot:3    | Found a transporter.
 43109 | Zot:3    | Found a transporter.
 43109 | Zot:3    | Noticed Pet Giop's ghost (veteran OgBe)
 43132 | Zot:3    | Noticed an orb of fire
 43942 | Zot:4    | Noticed an orb of fire
 43955 | Zot:4    | Killed an orb of fire
 43956 | Zot:4    | Reached XP level 25. HP: 275/332 MP: 25/25
 44399 | Zot:4    | Identified the ring "Hero's Friend" {rElec rF- rN+ Str+6}
 44465 | Zot:5    | Entered Level 5 of the Realm of Zot
 44475 | Zot:5    | Lost mutation: You passively map a large area around you.
                  | [Jiyva's grace]
 44475 | Zot:5    | Lost mutation: You are very robust. (+20% HP) [Jiyva's
                  | grace]
 44475 | Zot:5    | Lost mutation: Your muscles are very strong. (Str +8,
                  | Int/Dex -2) [Jiyva's grace]
 44475 | Zot:5    | Lost mutation: Your body has grown many eyes which may
                  | confuse attackers. (Acc +5) [Jiyva's grace]
 44475 | Zot:5    | Gained mutation: Your pliable body absorbs attacks. (AC +2,
                  | EV +2) [Jiyva's grace]
 44475 | Zot:5    | Gained mutation: Your gelatinous body deflects attacks. (AC
                  | +3, EV +3) [Jiyva's grace]
 44475 | Zot:5    | Gained mutation: You have a small jelly attached to you
                  | that may absorb projectiles. [Jiyva's grace]
 44475 | Zot:5    | Gained mutation: Your body has grown many eyes which may
                  | confuse attackers. (Acc +5) [Jiyva's grace]
 44730 | Zot:5    | Noticed an ancient lich
 44736 | Zot:5    | Killed an ancient lich
 44745 | Zot:5    | Noticed an orb of fire
 44782 | Zot:5    | Killed an orb of fire
 44852 | Zot:5    | Noticed a Killer Klown
 44882 | Zot:5    | Killed a Killer Klown
 44984 | Zot:5    | Noticed a Killer Klown
 44993 | Zot:5    | Killed a Killer Klown
 44996 | Zot:5    | Noticed a Killer Klown
 44997 | Zot:5    | Noticed a dread lich
 44998 | Zot:5    | Noticed an orb of fire
 45000 | Zot:5    | Noticed an ancient lich
 45005 | Zot:5    | Noticed an ancient lich
 45010 | Zot:5    | Gained mutation: Armour fits poorly on your strangely
                  | shaped body. [an orb of fire]
 45011 | Zot:5    | Noticed an orb of fire
 45014 | Zot:5    | Gained mutation: Your spells are a little easier to cast,
                  | but a little less powerful. [an orb of fire]
 45018 | Zot:5    | Noticed a dread lich
 45018 | Zot:5    | Noticed a dread lich
 45019 | Zot:5    | Noticed a dread lich
 45020 | Zot:5    | Gained mutation: Potions are less effective at restoring
                  | your health. [an orb of fire]
 45031 | Zot:5    | Gained mutation: You are vulnerable to heat. (rF-) [an orb
                  | of fire]
 45042 | Zot:5    | Lost mutation: You have a small jelly attached to you that
                  | may absorb projectiles. [an orb of fire]
 45165 | Zot:4    | Lost mutation: Armour fits poorly on your strangely shaped
                  | body. [potion of mutation]
 45165 | Zot:4    | Lost mutation: Your muscles are strong. (Str +4, Int/Dex
                  | -1) [potion of mutation]
 45165 | Zot:4    | Lost mutation: Your body has grown many eyes which may
                  | confuse attackers. (Acc +5) [potion of mutation]
 45165 | Zot:4    | Lost mutation: You are vulnerable to heat. (rF-) [potion of
                  | mutation]
 45175 | Zot:4    | Killed an ancient lich
 45180 | Zot:4    | Killed an orb of fire
 45183 | Zot:4    | Killed a dread lich
 45217 | Zot:5    | Gained mutation: Potions cannot restore your health. [an
                  | orb of fire]
 45220 | Zot:4    | Killed a dread lich
 45229 | Zot:4    | Killed a dread lich
 45241 | Zot:4    | Killed an orb of fire
 45265 | Zot:5    | Killed an ancient lich
 45290 | Zot:5    | Paralysed by a dread lich for 3 turns
 45296 | Zot:5    | Killed a dread lich
 45349 | Zot:5    | Killed a Killer Klown
 45497 | Zot:5    | Reached skill level 26 in Unarmed Combat
 45505 | Zot:5    | Paralysed by a Zot trap for 4 turns
 45534 | Zot:5    | Got the Orb of Zot
 46088 | D:11     | Noticed Quon the pandemonium lord
 46341 | D:$      | Escaped with the Orb!

Illustrated notes

Levels and vault maps discovered:
D:1:      sevenhm_arrival_forest_fort_small_3, layout_rooms,
          dreamdust_ecumenical_altar_statues, hangedman_decor_clover_reticule,
          minmay_door_square, minmay_tetromino_l4
D:2:      layout_loops_ring
D:3:      layout_rooms, zin_scriptorium, grunt_temple_overflow_open,
          chequers_temple_overflow_statue_of_worship, kennysheep_crisscross,
          minmay_misc_feat_tower, grunt_decor_arrowhead
D:4:      layout_cave_pools
D:5:      layout_cave_pools, minmay_temple_entry_mini_moons,
          kennysheep_generic_room_16
D:6:      layout_loops_corners, gammafunk_ghost_abyssal_escape, enter_ossuary_1,
          uniq_menkaure
D:7:      layout_basic, nicolae_overflow_hidden_temple,
          kennysheep_decorative_pillar
D:8:      minmay_bloctagon_deflated, layout_basic, kennysheep_little_box
D:9:      layout_cave_pools, lair_entry_dummy, kennysheep_potato, uniq_maggie,
          uniq_amaemon
D:10:     layout_long_grid, overflow_temple_1_default
D:11:     layout_cave_pods, gammafunk_ghost_spectres
D:12:     layout_stronghold, erik_orc_1
D:13:     layout_loops_cross, lightli_vaults_fourway_checkpoint,
          nicolae_twisting_strands
D:14:     layout_roguey [special_room_mythical_zoo], fedhas_altar_3,
          minivault_22
D:15:     grunt_enter_depths_snipers, layout_long_grid, gauntlet_entry_generic,
          uniq_kirke
Temple:   pf_slime_end_temple
Lair:1:   layout_roguey, grunt_megastairs_5
Lair:2:   nzn_winding_woodlands_three_and_one [nzn_winding_woodlands_5x15_pool,
          nzn_winding_woodlands_5x15_default, nzn_winding_woodlands_5x15_parted,
          nzn_winding_woodlands_center_triple_pond], layout_regular_city,
          grunt_forest_small_clearing_treed
Lair:3:   layout_gridlike, minmay_shoals_entry_lonely_mermaid,
          guppyfry_snake_entry_garden, enter_volcano_2
Lair:4:   beast_lair_carwin_large_4, layout_cave_pods, portal_ice_cave_rime,
          grunt_megastairs_4, uniq_urug
Lair:5:   hellmonk_lair_end_abyssal_woods, layout_regular_city,
          minmay_slime_entry_oklob_open, basic_altar, uniq_sonja
Shoals:1: layout_shoals
Shoals:2: layout_shoals, nicolae_shoals_bring_sunscreen
Shoals:3: layout_shoals, uniq_polyphemus
Shoals:4: shoals_end_hellmonk_lost_city, serial_shops
Snake:1:  layout_misc_corridors, serial_shops, shop, uniq_aizul, uniq_jorgrun,
          uniq_mlioglotl, uniq_roxanne
Snake:2:  layout_chambers
Snake:3:  layout_grid_maze, serial_nicolae_subway, nicolae_sub_station_metal,
          nicolae_sub_station_crystal, nicolae_sub_station_stone,
          grunt_megastairs_3
Snake:4:  snake_pit_salamanders_mu, layout_cave_town, uniq_agnes
Slime:1:  layout_caves
Slime:2:  cheibrodos_slime_lost_civilization_1, layout_caves
Slime:3:  layout_caves, cheibrodos_slime_lost_civilization_5
Slime:4:  layout_caves
Slime:5
Orc:1:    layout_diamond_mine, uniq_josephine
Orc:2:    grunt_orc_gardens, layout_caves, grunt_orc_garden, grunt_orc_garden,
          grunt_orc_garden, grunt_orc_garden, mines2_lemuel
Elf:1:    eino_elf_arrival_sip, layout_geoelf_octagon, orc_legates,
          nrook_mini_backslash, minivault_16
Elf:2:    nicolae_elf_blades_splatter_lattice [mumra_blade_entry_bloodbath],
          layout_loops_cross, nicolae_shop_dragon_depot, uniq_zenata,
          uniq_donald
Elf:3:    nooodl_elf_gasket, layout_onion_city, grunt_ministairs_15
Vaults:1: nicolae_vaults_little_ls, grunt_vaults_hallway_long,
          vaults_room_semicircle, ontoclasm_vaults_idyll, vaults_dpeg_hooks,
          nicolae_vaults_yaktaur_gun_rack, ontoclasm_vaults_spin,
          nicolae_vaults_rhombus_5, v_misc_2, vaults_room_ringed_pool,
          grunt_vaults_funnel, layout_vaults_omnigrid
Vaults:2: st_greater_box_4, hangedman_vaults_maws, nicolae_vaults_shelves_hall,
          nicolae_vaults_specimen_jars, minmay_crypt_entry_simple_box,
          hangedman_vaults_trim, layout_vaults_big_room
Vaults:3: v_alt_pattern_6, ontoclasm_vaults_claustrophobia, v_misc_24,
          v_rooms_2, hangedman_vaults_stretched_pinwheel,
          ontoclasm_vaults_idyll, ontoclasm_vaults_gateway,
          vaults_room_stairs_pillars, v_misc_4, nicolae_vaults_little_squares_3,
          ontoclasm_vaults_fault, nicolae_vaults_windows_and_doors_thing,
          v_misc_4, nicolae_vaults_gold_heap, grunt_vaults_diagonal,
          nicolae_vaults_ninety_degrees, vaults_dpeg_ring,
          layout_vaults_omnibox, uniq_asterion
Vaults:4: hangedman_vaults_locks, v_misc_31, hangedman_vaults_restitches,
          v_misc_9, hangedman_vaults_stretched_pinwheel,
          nicolae_vaults_network_barrier, ontoclasm_vaults_bender,
          nicolae_vaults_circle_grid_b, vaults_mumra_hex,
          ontoclasm_vaults_twist, v_alt_pattern_4, nicolae_vaults_asterisk,
          layout_vaults_maze, serial_shops, shop_fountains
Vaults:5: uniq_sojobo, uniq_mara, uniq_boris
Depths:1: layout_roguey, hellmonk_okawaru_the_only_friend_you_need,
          lightli_too_deep, nzn_ghost_randoct, evilmike_ruin_ashenzari,
          minmay_shoptagon
Depths:2: nicolae_herringbone, layout_cave_shapes, hell_entry,
          bh_walls_and_bars, rand_demon_pan_entry_5, serial_bayou_shore_b,
          uniq_grunn
Depths:3: giant_chief_lemuel, layout_cave_pools, enter_ziggurat_c,
          abyss_entry_flame_altar, hellmouth_1, elyvilon_altar_1
Depths:4: evilmike_zot_entry_basic, layout_cross, rand_demon_pan_entry_1,
          pf_hell_entry_tar_spiral, grunt_potential
Zot:1:    layout_gridlike
Zot:2:    layout_gridville, amcnicky_altar_lugonu_corruption
Zot:3:    layout_cathedral_of_symmetry, gammafunk_ghost_arena,
          grunt_megastairs_2, uniq_vv, uniq_josephina
Zot:4:    layout_concentric_octagons, st_small_dragon_hoard_1
Zot:5:    layout_misc_corridors

Skill      XL: |  1  2  3  4  5  6  7  8  9 10 11 12 13 14 15 16 17 18 19 20 21 22 23 24 25 |
---------------+----------------------------------------------------------------------------+-----
Unarmed Combat | 4 5 6 8 10 12 15 19 20 23 25 26 | 26.1
Fighting       | 6 9 10 13 15 16 18 20 21 23 24 | 24.8
Armour         | 2 9 10 | 10.0
Summonings     | 4 6 |  6.6
Spellcasting   | 1 2 |  2.1
Throwing       | 6 8 10 11 16 | 16.0
Shields        | 9 10 11 12 | 12.7
Dodging        | 5 8 |  8.4

Action                     |  1- 3 |  4- 6 |  7- 9 | 10-12 | 13-15 | 16-18 | 19-21 | 22-24 | 25-27 || total
---------------------------+-------+-------+-------+-------+-------+-------+-------+-------+-------++-------
  Melee: Unarmed           |    76 |   115 |   222 |   381 |   605 |  1473 |  1301 |  1277 |   337 ||  5787
         Punch             |     2 |     4 |    12 |    30 |    71 |     8 |       |       |       ||   127
         Bite              |       |       |       |    21 |    10 |       |       |       |       ||    31
         Kick              |       |       |       |       |   184 |   193 |       |       |       ||   377
         Pseudopods        |       |       |       |       |       |    47 |   318 |   259 |       ||   624
  Throw: Large rock        |       |       |       |     1 |       |    18 |    20 |   112 |    45 ||   196
         Throwing net      |       |       |       |       |       |     1 |       |       |       ||     1
 Invoke: Oozemancy         |       |       |     1 |     1 |       |     4 |     3 |     4 |     2 ||    15
         Slimify           |       |       |       |     2 |     1 |     3 |    11 |     8 |       ||    25
  Evoke: Wand              |       |       |       |     1 |       |     1 |     1 |       |       ||     3
    Use: Scroll            |       |     7 |     5 |     8 |     9 |     6 |    12 |    12 |     8 ||    67
         Potion            |       |       |       |     2 |     7 |     9 |     8 |     2 |     8 ||    36
   Stab: Sleeping          |     2 |       |     3 |       |       |     1 |       |       |       ||     6
         Confused          |       |       |       |    10 |    17 |     8 |    26 |    71 |     7 ||   139
         Invisible         |       |       |       |       |     3 |     1 |     1 |       |       ||     5
         Paralysed         |       |       |       |       |       |       |     1 |       |       ||     1
         Distracted        |       |       |       |       |       |       |       |     3 |       ||     3
 Armour: Robe              |    26 |    40 |    47 |    12 |    14 |    25 |       |       |       ||   164
         Swamp dragon scal |       |       |       |   111 |   128 |   337 |    76 |       |       ||   652
         Skin              |       |       |       |       |    17 |     6 |       |       |       ||    23
         Gold dragon scale |       |       |       |       |       |       |   251 |   496 |   163 ||   910
  Dodge: Dodged            |    38 |    53 |    93 |   201 |   296 |   579 |   202 |   198 |    72 ||  1732
         Repelled          |       |       |       |       |       |     5 |    17 |       |       ||    22
  Block: Tower shield      |       |       |       |       |       |  1162 |  1255 |  1515 |   404 ||  4336

Table legend: (Time is in decaauts)
 A = Elapsed time spent in this place.
 B = Non-inter-level travel time spent in this place.
 C = Inter-level travel time spent in this place.
 D = Time resting spent in this place.
 E = Time spent auto-exploring this place.
 F = Levels seen in this place.
 G = Mean time per level.
                   A        B        C        D        E       F      G
               +--------+--------+--------+--------+--------+-----+--------+
         Total |  45421 |  37620 |   7801 |   6167 |  11651 |  61 |  744.6 |
       Dungeon |  11500 |  10235 |   1265 |    748 |   7329 |  15 |  766.7 |
        Temple |     48 |     31 |     17 |      0 |      0 |   1 |   48.0 |
          Lair |   6134 |   5554 |    580 |    764 |   3366 |   5 | 1226.8 |
        Shoals |   2987 |   2586 |    401 |    964 |      0 |   4 |  746.8 |
     Snake Pit |   4780 |   3445 |   1335 |    718 |      0 |   4 | 1195.0 |
    Slime Pits |    168 |    112 |     56 |      0 |      0 |   5 |   33.6 |
  Orcish Mines |   1554 |   1254 |    300 |     94 |    766 |   2 |  777.0 |
   Elven Halls |   2883 |   2400 |    483 |    359 |    113 |   3 |  961.0 |
        Vaults |   6937 |   4746 |   2191 |   1815 |      0 |   5 | 1387.4 |
        Depths |   3262 |   2829 |    433 |    220 |      0 |   4 |  815.5 |
           Zot |   3799 |   3064 |    735 |    421 |      0 |   5 |  759.8 |
         Abyss |    278 |    278 |      0 |     35 |      0 |   4 |   69.5 |
       Ossuary |    224 |    224 |      0 |      0 |     77 |   1 |  224.0 |
      Ice Cave |     13 |     13 |      0 |      0 |      0 |   1 |   13.0 |
       Volcano |    392 |    392 |      0 |     26 |      0 |   1 |  392.0 |
      Gauntlet |    455 |    455 |      0 |      0 |      0 |   1 |  455.0 |
               +--------+--------+--------+--------+--------+-----+--------+

Top non-repeatable levels by time:
Vaults:4: 2589 daAuts
 Snake:4: 1870 daAuts
 Snake:3: 1493 daAuts
  Lair:3: 1384 daAuts
    D:12: 1345 daAuts
  Lair:5: 1252 daAuts
   Elf:3: 1230 daAuts
  Lair:2: 1221 daAuts
Vaults:5: 1211 daAuts
  Lair:4: 1184 daAuts
Vaults:2: 1116 daAuts
Vaults:1: 1114 daAuts
  Lair:1: 1091 daAuts
Shoals:3: 1070 daAuts
    D:15: 1067 daAuts
